 Dungeon Crawl Stone Soup version 0.32-a0-711-g016ad743e0 (webtiles) character file.

Game seed: 6503873248297553504

4783 Revguard the Ruffian (level 10, -11/98 HPs)
             Began as a Troll Monk on Mar 15, 2024.
             Was the Champion of Jiyva.
             Shot with an arrow by a centaur warrior (21 damage)
             ... on level 8 of the Dungeon.
             The game lasted 00:19:27 (6209 turns).

Revguard the Ruffian (Troll Monk)                   Turns: 6209, Time: 00:19:27

Health: -11/98     AC:  7    Str: 21    XL:     10   Next: 23%
Magic:  9/9        EV: 12    Int:  6    God:    Jiyva [******]
Gold:   59         SH:  0    Dex: 22    Spells: 9/9 levels left

rFire   + .          .
                       - Unarmed
rCold   + . .        (no shield)
rNeg    . . .        q - +2 robe {rC+ rF+}
rPois   .            (helmet currently unavailable)
rElec   .            g - melded scarf {repulsion}
rCorr   +            (gloves unavailable)
SInv    .            (boots unavailable)
Will    +....        (no amulet)
Stlth   ++           d - ring of willpower
HPRegen 2.76/turn    l - +6 ring of dexterity
MPRegen 0.91/turn

%: no passive effects
@: confused, lethally poisoned (-11 -> -11), beast-form, ambrosia-drunk, hasted,
very quick
A: beast (slay +3), large, unfitting armour, claws 3, regeneration 1, shaggy fur
1, tough skin 1, iridescent scales 1, pseudopods 1, translucent skin 3
a: Begin Untransformation, Renounce Religion, Oozemancy, Slimify


You were on level 8 of the Dungeon.
You worshipped Jiyva.
Jiyva was exalted by your worship.
You were a hulking beast.
You visited 1 branch of the dungeon, and saw 8 of its levels.
You also visited: Sewer.

You collected 208 gold pieces.
You spent 149 gold pieces at shops.

Inventory:

Missiles
 y - a throwing net (quivered)
Armour
 a - a +0 robe
 c - an orb of light
 g - a scarf of repulsion (melded)
 q - a +2 robe of resistance (worn)
 r - a +0 cloak
 s - +0 steam dragon scales
Jewellery
 d - a ring of willpower (left claw)
 l - a +6 ring of dexterity (right claw)
 u - a ring of positive energy
Talismans
 k - a maw talisman
 t - a beast talisman (active)
Wands
 w - a wand of mindburst (5)
 x - a wand of flame (19)
Scrolls
 i - 5 scrolls of brand weapon
 j - 8 scrolls of teleportation
 z - a scroll of amnesia
 A - a scroll of revelation
 B - a scroll of identify
 C - 2 scrolls of poison {unknown}
 D - a scroll of enchant weapon
 F - a scroll of vulnerability {unknown}
Potions
 b - a potion of ambrosia
 h - a potion of haste
 m - a potion of attraction {unknown}
 n - a potion of mutation {unknown}
 o - a potion of cancellation
 p - a potion of enlightenment {unknown}
 v - a potion of might {unknown}
 E - a potion of lignification {unknown}


   Skills:
 + Level 5.7 Fighting
 - Level 4.2 Throwing
 + Level 5.0 Armour
 + Level 5.7 Dodging
 + Level 6.8 Unarmed Combat
 + Level 2.5 Evocations
 + Level 5.3 Shapeshifting


You had 9 spell levels left.
You didn't know any spells.
Your spell library contained the following spells:

 Spells                   Type           Power      Damage    Failure   Level
 Apportation              Tloc           0%         N/A       45%         1
 Kiss of Death            Conj/Necr      0%         2d5       45%         1
 Necrotise                Necr           0%         1d4       45%         1
 Sting                    Conj/Alch      0%         1d3       45%         1
 Summon Small Mammal      Summ           0%         N/A       45%         1
 Lesser Beckoning         Tloc           0%         N/A       58%         2
 Dazzling Flash           Conj/Hex       0%         N/A       83%         3
 Gell's Gravitas          Tloc           0%         N/A       83%         3
 Hailstorm                Conj/Ice       0%         3d5       83%         3
 Summon Ice Beast         Ice/Summ       0%         N/A       83%         3
 Teleport Other           Tloc           0%         N/A       83%         3
 Volatile Blastmotes      Fire/Tloc      0%         2d10      83%         3
 Animate Armour           Summ/Erth      0%         N/A       99%         4
 Fulminant Prism          Conj/Alch      0%         3d5       99%         4
 Iskenderun's Mystic Bla  Conj/Tloc      0%         2d3       99%         4
 Summon Lightning Spire   Summ/Air       0%         N/A       99%         4
 Irradiate                Conj/Alch      0%         3d11      100%        5
 Lee's Rapid Deconstruct  Erth           0%         3d4*      100%        5
 Permafrost Eruption      Ice/Erth       0%         2x4d2     100%        6
 Sculpt Simulacrum        Ice/Alch       0%         N/A       100%        6
 Spellforged Servitor     Conj/Summ      0%         N/A       100%        7


Dungeon Overview and Level Annotations

Branches:
Dungeon (8/15)             Temple (0/1) D:7            Lair (0/5) D:8
  Sewer (visited)

Altars:
Dithmenos
Fedhas
Kikubaaqudgha

Shops:
D:5 (!:::   D:6 ?


Innate Abilities, Weirdness & Mutations

You are a hulking beast.
Your limbs bulge with bestial killing power. (Slay +3)
You are too large for most types of armour.
You have claws for hands.
Your natural rate of healing is unusually fast.
You are covered in fur. (AC +1)
You have tough skin. (AC +1)
You are partially covered in iridescent scales. (AC +2)
Armour fits poorly on your pseudopods.
Your transparent skin significantly reduces your foes' accuracy. (Stealth+)


Message History

You closely miss hattey's ghost.
Hattey's ghost is severely damaged.
You feel sick. Hattey's ghost closely misses you.
You claw hattey's ghost! You claw hattey's ghost.
Hattey's ghost is almost destroyed.
You scratch hattey's ghost.
Hattey's ghost is almost destroyed.
You feel sick. Hattey's ghost completely misses you.
You scratch hattey's ghost.
Hattey's ghost is almost destroyed.
You scratch hattey's ghost.
Hattey's ghost is almost destroyed.
You feel sick. Hattey's ghost hits you!
* * * LOW HITPOINT WARNING * * *
You barely miss hattey's ghost.
You bludgeon hattey's ghost, but do no damage.
Hattey's ghost is almost destroyed.
You feel sick.
Hattey's ghost hits you but does no damage.
You are more poisoned.
You scratch hattey's ghost but do no damage.
Hattey's ghost is almost destroyed.
You feel sick.
You scratch hattey's ghost but do no damage.
Hattey's ghost is almost destroyed.
You feel sick. Hattey's ghost hits you.
* * * LOW HITPOINT WARNING * * *
You are lethally poisoned!
You are confused.
You feel invigorated.
* * * LOW HITPOINT WARNING * * *
You feel very sick.
You feel sick. Hattey's ghost misses you.
You feel sick. Hattey's ghost misses you.
You mangle hattey's ghost!!
You destroy hattey's ghost!
You feel sick.
The centaur warrior wields a +3 orcbow.
The centaur warrior shoots an arrow.
The arrow hits you!!
You die...
Jiyva sends a jelly to digest your remains.

## #### #>##..
#....### #...#§§
#..h'c§ #...#§§
#...### #.....# .
###.### . #.# #
#.#
###############.#
#...............#


You could see a centaur warrior.

Vanquished Creatures
  The ghost of hattey the Fighter, a novice HuWn of Okawaru (D:8)
  Pikel (D:5)
  A gargoyle (D:7)
  Prince Ribbit (D:7)
  Grinder (D:3)
  Sigmund (D:2)
  6 yaks (D:8)
  2 steam dragons (D:7)
  A water moccasin (D:8)
  5 black bears
  2 ice beasts
  An ogre (D:6)
  A phantom (D:5)
  A lemure (D:5)
  A centaur (D:6)
  A gnoll sergeant (D:6)
  A bullfrog (D:8)
  3 scorpions
  A howler monkey (D:3)
  5 hounds
  3 jellies (Sewer)
  Crazy Yiuf (D:2)
  A gnoll bouda (D:7)
  An orc priest (D:7)
  4 iguanas
  12 orc wizards
  12 gnolls
  8 adders
  2 river rats (Sewer)
  2 shadow imps
  3 white imps
  2 ufetubi (D:7)
  2 dart slugs
  A ribbon worm (D:2)
  16 orcs
  10 ball pythons
  18 endoplasms
  10 giant cockroaches
  12 goblins
  11 hobgoblins
  4 jackals
  8 kobolds
  3 quokkas
  5 bats
  6 frilled lizards
  13 rats
207 creatures vanquished.

Vanquished Creatures (others)
  3 jellies
  2 gnolls
  A white imp (D:6)
  An orc (D:4)
7 creatures vanquished.

Grand Total: 214 creatures vanquished

Notes
Turn   | Place    | Note
-------+----------+-------------------------------------------
     0 | D:1      | Revguard the Troll Monk began the quest for the Orb.
     0 | D:1      | Reached XP level 1. HP: 22/22 MP: 0/0
    77 | D:1      | Reached XP level 2. HP: 29/29 MP: 1/1
   419 | D:1      | Found a faded altar of an unknown god.
   594 | D:1      | Reached XP level 3. HP: 31/36 MP: 2/2
   633 | D:1      | Found Yribo's Book Shoppe.
   767 | D:1      | Reached skill level 1 in Throwing
  1019 | D:2      | Reached skill level 1 in Shapeshifting
  1202 | D:2      | Reached XP level 4. HP: 44/44 MP: 3/3
  1296 | D:2      | Noticed Sigmund
  1309 | D:2      | Killed Sigmund
  1310 | D:2      | Reached skill level 1 in Armour
  1310 | D:2      | Reached XP level 5. HP: 31/53 MP: 4/4
  1763 | D:2      | Found a runed translucent door.
  1764 | D:2      | Noticed Crazy Yiuf
  1773 | D:2      | Killed Crazy Yiuf
  1774 | D:2      | Reached XP level 6. HP: 24/61 MP: 5/5
  2255 | D:3      | Reached skill level 4 in Unarmed Combat
  2275 | D:3      | Noticed Grinder
  2293 | D:3      | Paralysed by Grinder for 5 turns
  2301 | D:3      | Killed Grinder
  2302 | D:3      | Reached XP level 7. HP: 65/67 MP: 6/6
  2486 | D:3      | Got the Vellum of Conflict
  2598 | D:3      | Found an ancient bone altar of Kikubaaqudgha.
  2836 | D:4      | Found a glowing drain.
  2852 | Sewer    | Entered a sewer
  3022 | Sewer    | Found a viscous altar of Jiyva.
  3037 | Sewer    | Became a worshipper of Jiyva Jebra the Shapeless
  3037 | Sewer    | Reached * piety under Jiyva
  3037 | Sewer    | Reached ** piety under Jiyva
  3245 | D:4      | Reached XP level 8. HP: 70/78 MP: 7/7
  3327 | D:4      | Reached *** piety under Jiyva
  3427 | D:4      | Gained mutation: Your body has grown eyes which may confuse
                  | attackers. (Acc +3) [Jiyva's grace]
  3427 | D:4      | Gained mutation: Your body has grown many eyes which may
                  | confuse attackers. (Acc +5) [Jiyva's grace]
  3427 | D:4      | Gained mutation: Your body is covered in eyes which may
                  | confuse attackers. (Acc +7, SInv) [Jiyva's grace]
  3427 | D:4      | Gained mutation: You have a small jelly attached to you
                  | that may absorb projectiles. [Jiyva's grace]
  3891 | D:5      | Entered Level 5 of the Dungeon
  3915 | D:5      | Found Hetoduix's Distillery.
  3957 | D:5      | Reached skill level 5 in Unarmed Combat
  3985 | D:5      | Noticed Pikel
  3996 | D:5      | Killed Pikel
  4046 | D:5      | Reached **** piety under Jiyva
  4360 | D:5      | Found Kosel's Book Emporium.
  4393 | D:5      | Found Tuech's Book Boutique.
  4400 | D:5      | Found Opef's Book Emporium.
  4555 | D:5      | Found Cetebub's Weapon Shop.
  4561 | D:5      | Reached ***** piety under Jiyva
  4561 | D:5      | Lost mutation: Your body is covered in eyes which may
                  | confuse attackers. (Acc +7, SInv) [Jiyva's grace]
  4561 | D:5      | Lost mutation: You have a small jelly attached to you that
                  | may absorb projectiles. [Jiyva's grace]
  4561 | D:5      | Gained mutation: Your skin changes colour to match your
                  | surroundings (Stealth+). [Jiyva's grace]
  4561 | D:5      | Gained mutation: Your skin blends seamlessly with your
                  | surroundings (Stealth++). [Jiyva's grace]
  4561 | D:5      | Gained mutation: Your skin perfectly mimics your
                  | surroundings (Stealth+++). [Jiyva's grace]
  4561 | D:5      | Gained mutation: Armour fits poorly on your pseudopods.
                  | [Jiyva's grace]
  4699 | D:6      | Reached XP level 9. HP: 63/85 MP: 8/8
  5020 | D:6      | Found Nealiuck's Magic Scroll Emporium.
  5027 | D:6      | Bought a scroll of revelation for 97 gold pieces
  5027 | D:6      | Bought a scroll of identify for 26 gold pieces
  5027 | D:6      | Bought a scroll of identify for 26 gold pieces
  5051 | D:6      | Found a shadowy altar of Dithmenos.
  5196 | D:7      | Found a staircase to the Ecumenical Temple.
  5257 | D:7      | Reached skill level 5 in Fighting
  5257 | D:7      | Reached skill level 5 in Dodging
  5266 | D:7      | Reached skill level 1 in Evocations
  5277 | D:7      | Reached skill level 6 in Unarmed Combat
  5333 | D:7      | Noticed a gargoyle
  5346 | D:7      | Killed a gargoyle
  5397 | D:7      | Found a blossoming altar of Fedhas.
  5566 | D:7      | Noticed Prince Ribbit
  5583 | D:7      | Killed Prince Ribbit
  5743 | D:7      | Reached ****** piety under Jiyva
  5889 | D:8      | Reached skill level 5 in Shapeshifting
  5901 | D:8      | Lost mutation: Your skin perfectly mimics your surroundings
                  | (Stealth+++). [Jiyva's grace]
  5901 | D:8      | Lost mutation: Your body has grown many eyes which may
                  | confuse attackers. (Acc +5) [Jiyva's grace]
  5901 | D:8      | Lost mutation: Your body has grown eyes which may confuse
                  | attackers. (Acc +3) [Jiyva's grace]
  5901 | D:8      | Lost mutation: Your skin blends seamlessly with your
                  | surroundings (Stealth++). [Jiyva's grace]
  5901 | D:8      | Lost mutation: Your skin changes colour to match your
                  | surroundings (Stealth+). [Jiyva's grace]
  5901 | D:8      | Gained mutation: Your translucent skin slightly reduces
                  | your foes' accuracy. (Stealth+) [Jiyva's grace]
  5901 | D:8      | Gained mutation: Your translucent skin reduces your foes'
                  | accuracy. (Stealth+) [Jiyva's grace]
  5901 | D:8      | Gained mutation: Your transparent skin significantly
                  | reduces your foes' accuracy. (Stealth+) [Jiyva's grace]
  5901 | D:8      | Gained mutation: You are partially covered in iridescent
                  | scales. (AC +2) [Jiyva's grace]
  5905 | D:8      | Reached XP level 10. HP: 33/96 MP: 9/9
  6106 | D:8      | Reached skill level 5 in Armour
  6168 | D:8      | Found a runed translucent door.
  6171 | D:8      | Found a staircase to the Lair.
  6173 | D:8      | Noticed hattey's ghost (novice HuWn)
  6180 | D:8      | Noticed a centaur warrior
  6205 | D:8      | HP: 3/98 [hattey's ghost (6)]
  6209 | D:8      | Killed hattey's ghost
  6209 | D:8      | Shot with an arrow by a centaur warrior

Illustrated notes

Levels and vault maps discovered:
D:1:      dpeg_arrival_rooms_a, layout_basic, shapermc_ecumenical_altar_venn,
          serial_shops, nicolae_shop_window_shopping, nicolae_hexahallways
D:2:      layout_basic, minmay_cut_off, uniq_crazy_yiuf_cottage, uniq_sigmund
D:3:      layout_basic, mainiacjoe_overflow_catwalk, minmay_misc_feat_plants,
          uniq_grinder
D:4:      layout_basic, serial_library, serial_library_hellmonk_big_corner,
          serial_library_hellmonk_narrow_alcove,
          serial_library_hellmonk_statue_hall,
          serial_library_hellmonk_reading_circle,
          serial_library_hellmonk_small_corner, cheibrodos_sewer_entry_drain,
          st_stairs_8
D:5:      nicolae_cairo_tiling_large_dashed, layout_basic, serial_shops, shop,
          shop, shop, shop_fountains, nicolae_book_shop_shelving,
          kennysheep_generic_room_11, uniq_pikel
D:6:      layout_basic, lemuel_doored_altar, kennysheep_small_square
D:7:      layout_gridville, fedhas_altar_fruit_tree,
          minmay_temple_entry_proselytizer, corexii_hall_statues_l,
          uniq_prince_ribbit1
D:8:      minmay_flawed_box, layout_basic, mainiacjoe_overflow_brackets,
          makhleb_grotto_becter, lair_entry_dummy, ebering_ghost_inner_flame,
          serial_shops, shop, uniq_jeremiah, uniq_psyche

Skill      XL: |  1  2  3  4  5  6  7  8  9 10 |
---------------+-------------------------------+-----
Throwing       | 1 2 3 4 |  4.2
Shapeshifting  | 1 2 3 4 5 |  5.3
Fighting       | 3 4 5 |  5.7
Armour         | 1 2 3 4 5 |  5.0
Dodging        | 3 4 5 |  5.7
Unarmed Combat | 4 5 6 |  6.8
Evocations     | 2 |  2.5

Action                     |  1- 3 |  4- 6 |  7- 9 | 10-12 || total
---------------------------+-------+-------+-------+-------++-------
  Melee: Unarmed           |    99 |    69 |   288 |    79 ||   535
         Punch             |       |       |     9 |     2 ||    11
         Pseudopods        |       |       |    28 |    17 ||    45
  Evoke: Wand              |       |       |       |     1 ||     1
    Use: Scroll            |       |     2 |     9 |       ||    11
         Potion            |       |       |     3 |     5 ||     8
   Stab: Sleeping          |     1 |       |     4 |       ||     5
         Confused          |       |       |     7 |       ||     7
 Armour: Robe              |    53 |    48 |   186 |    53 ||   340
         Steam dragon scal |       |       |     7 |       ||     7
  Dodge: Dodged            |    46 |    29 |   205 |    37 ||   317
         Repelled          |     1 |       |       |       ||     1
         Form:             |     1 |     1 |       |       ||     2
         Maw               |     1 |       |       |       ||     1
         Beast             |       |     2 |       |       ||     2

Table legend: (Time is in decaauts)
 A = Elapsed time spent in this place.
 B = Non-inter-level travel time spent in this place.
 C = Inter-level travel time spent in this place.
 D = Time resting spent in this place.
 E = Time spent auto-exploring this place.
 F = Levels seen in this place.
 G = Mean time per level.
                   A        B        C        D        E       F      G
               +--------+--------+--------+--------+--------+-----+--------+
         Total |   6149 |   5959 |    190 |      0 |   4447 |   9 |  683.2 |
       Dungeon |   5920 |   5730 |    190 |      0 |   4362 |   8 |  740.0 |
         Sewer |    229 |    229 |      0 |      0 |     85 |   1 |  229.0 |
               +--------+--------+--------+--------+--------+-----+--------+

Top non-repeatable levels by time:
     D:2: 1000 daAuts
     D:1: 987 daAuts
     D:4: 930 daAuts
     D:5: 763 daAuts
     D:3: 720 daAuts
     D:7: 600 daAuts
     D:6: 516 daAuts
     D:8: 402 daAuts
   Sewer: 229 daAuts
